 Dungeon Crawl Stone Soup version 0.17-a0-776-gd86b262 (webtiles) character file.

198 FedoraBrony69 the Bolt Thrower (level 5, -12/47 HPs)
             Began as a Centaur Hunter on Apr 25, 2015.
             Killed from afar by Xorxand's ghost (23 damage)
             ... with an orb of energy
             ... on level 4 of the Dungeon.
             The game lasted 00:08:14 (3065 turns).

FedoraBrony69 the Bolt Thrower (Centaur Hunter)     Turns: 3065, Time: 00:08:14

Health: -12/47     AC:  4    Str: 17    XL:     5   Next: 47%
Magic:  5/5        EV:  9    Int: 10    God:
Gold:   218        SH:  0    Dex: 11    Spells: 0 memorised, 4 levels left

rFire  . . .     SeeInvis .     b - +1 hand crossbow
rCold  . . .     Clarity  .     d - +0 leather armour
rNeg   . . .     SustAb   .     (no shield)
rPois  .         Gourm    .     (no helmet)
rElec  .         Spirit   .     (no cloak)
rCorr  +         Warding  .     (no gloves)
rMut   .         Stasis   .     (no barding)
MR     .....                    w - amulet of resist corrosion
Stlth  +.........               u - +5 ring of slaying
                                m - +3 ring of strength

@: very quick, not resistant to hostile enchantments, very unstealthy
A: hooves 3, deformed body, speed 2, tough skin 3
a: no special abilities


You were on level 4 of the Dungeon.
You were not hungry.

You visited 1 branch of the dungeon, and saw 4 of its levels.

You collected 218 gold pieces.

Inventory:

Hand weapons
 a - a +0 short sword
 b - a +1 hand crossbow (weapon)
 j - a +2 hand axe of flaming
 l - a +0 spear
Missiles
 c - 24 bolts (quivered)
Armour
 d - a +0 leather armour (worn)
Jewellery
 m - a +3 ring of strength (left hand)
 t - an uncursed ring of protection from fire
 u - a +5 ring of slaying (right hand)
 w - an amulet of resist corrosion (around neck)
Scrolls
 f - 3 scrolls of remove curse {unknown}
 i - 2 scrolls of immolation {unknown}
 n - 4 scrolls of teleportation {unknown}
 p - 2 scrolls of identify {unknown}
 q - 2 scrolls of noise {unknown}
 x - a scroll of enchant armour {unknown}
 y - 2 scrolls of enchant weapon {unknown}
 A - 2 scrolls of recharging {unknown}
Potions
 g - a potion of curing
 h - 2 potions of heal wounds {unknown}
 k - a potion of lignification {unknown}
 o - 3 potions of flight {unknown}
 r - a potion of degeneration {unknown}
 s - a potion of invisibility {unknown}
 v - 2 potions of cure mutation {unknown}
 z - a potion of ambrosia {unknown}
Comestibles
 e - 5 bread rations
 B - 2 meat rations


   Skills:
 + Level 4.3 Fighting
 + Level 6.0 Crossbows
 - Level 1.3 Dodging
 - Level 0.5 Stealth


You had 4 spell levels left.
You didn't know any spells.

Dungeon Overview and Level Annotations

Branches:
Dungeon (4/15)
 Temple: D:4-7

Altars:
Gozag

Annotations:
D:4 Xorxand's ghost, experienced TeCj


Innate Abilities, Weirdness & Mutations

You have hooves in place of feet.
Armour fits poorly on your strangely shaped body.
You cover ground very quickly.
You have extremely tough skin (AC +3).


Message History

You shoot a bolt. The bolt hits Xorxand's ghost!
Xorxand's ghost is moderately damaged.
Firing (i - inventory):
c - 26 bolts (quivered)
Press: ? - help, Shift-Dir - straight line, f/p - Xorxand's ghost
Aim: Xorxand's ghost (moderately damaged)
You shoot a bolt.
The bolt closely misses Xorxand's ghost.
Xorxand's ghost hits you but does no damage.
Firing (i - inventory):
c - 25 bolts (quivered)
Press: ? - help, Shift-Dir - straight line, f/p - Xorxand's ghost
Aim: Xorxand's ghost (moderately damaged)
You shoot a bolt. The bolt hits Xorxand's ghost.
Xorxand's ghost is moderately damaged.
Xorxand's ghost casts a spell at you. The orb of energy hits you!
* * * LOW HITPOINT WARNING * * *
The orb of energy explodes!
Xorxand's ghost casts a spell at you. The orb of energy hits you!
You die...

#.###...#.##....#
...............# .
###...........#####...
##..####............
#..................
#.....##.#.##.....).
#..##....(#.........
#..#####.#W##(....(.
#........#@# ##...
#.########.# . #.# #.#
#.# #<#### #.# #....#
#.# ####.# #.# #.# #.#
### #.#


You could see Xorxand's ghost.

Vanquished Creatures
  A scorpion (D:4)
  A centaur skeleton (D:4)
  6 adders
  A worm (D:3)
  3 giant geckos
  7 bats
  2 giant cockroaches (D:1)
  11 goblins
  6 hobgoblins
  6 jackals
  3 giant newts
  9 kobolds
  4 quokkas
  A quokka skeleton (D:4)
  7 rats
68 creatures vanquished.

Notes
Turn   | Place    | Note
--------------------------------------------------------------
     0 | D:1      | FedoraBrony69, the Centaur Hunter, began the quest for the Orb.
     0 | D:1      | Reached XP level 1. HP: 17/17 MP: 1/1
   215 | D:1      | Reached XP level 2. HP: 18/25 MP: 2/2
   469 | D:1      | HP: 1/25 [hobgoblin/club (5)]
  1053 | D:2      | Reached XP level 3. HP: 30/30 MP: 3/3
  1055 | D:2      | Reached skill level 5 in Crossbows
  1174 | D:3      | HP: 1/30 [adder (2)]
  1585 | D:3      | Found an opulent altar of Gozag.
  1717 | D:2      | Reached XP level 4. HP: 33/38 MP: 4/4
  2805 | D:4      | Reached XP level 5. HP: 43/46 MP: 5/5
  2860 | D:4      | Reached skill level 6 in Crossbows
  2891 | D:4      | Noticed Xorxand's ghost (experienced TeCj)
  3065 | D:4      | Killed from afar by Xorxand's ghost

Action                   |  1- 3 |  4- 6 || total
-------------------------+-------+-------++-------
Melee: Short sword       |    41 |       ||    41
       Spear             |    75 |    61 ||   136
 Fire: Hand crossbow     |    48 |     4 ||    52
  Use: Potion            |     1 |       ||     1
  Eat: Chunk             |     2 |     3 ||     5
